LetsOutscumLuxidream, neutral female scurrid Tourist ---- |... |..|#|. |..| ... |..- -..| |.......| |.......| |..--.-- |..--.---------- ..-- |............... .@.>. |............... ...... -----.--------- --.- ------.---------..--------.--- |...........................*. |............................. ----- LetsOutscumLuxidream the Sightseer Experience level: 3 Strength: 13 Dexterity: 12 Constitution: 13 Intelligence: 13 Wisdom: 13 Charisma: 12 Health: 0(3) Energy: 11(11) Def: 0 Gold: 438 Moves: 121 Dungeon seed: JA30Ey9fVF8sb-WS Game ID: LetsOutscumLuxidream_1498229863 Your Inventory: Coins $ - 438 gold pieces Weapons a - 36 uncursed +2 darts (in quiver) Armor e - an uncursed +0 Hawaiian shirt (being worn) Comestibles b - an uncursed clove of garlic c - an uncursed chestnut d - an uncursed tin of kobold meat f - 2 uncursed food rations g - 2 uncursed eggs h - an uncursed lembas wafer i - an uncursed fortune cookie j - an uncursed tripe ration k - 2 uncursed apples Scrolls m - a blessed scroll of magic mapping n - 3 uncursed scrolls of magic mapping Potions l - 2 uncursed potions of extra healing Wands q - an uncursed wand of secret door detection (0:12) Tools o - an uncursed expensive camera (0:58) p - an uncursed credit card r - an uncursed towel Spells and supernatural/magical abilities: Name Level Category Fail Memory W - pray for help -- divine ? -- Your skills at the end: Miscellaneous Skills wands [Basic] stealth [Basic] Weapon Skills dart [Basic] Spellcasting Skills Final Attributes: You were devoutly aligned. You had infravision. You were very stealthy. You are dead. Vanquished creatures: a puppy Voluntary challenges: You followed a strict vegan diet. You did not adorn yourself with jewelry or accessories. You did not cause conflict. You were not invisible. You did not have reflection. You were not displaced. You were an atheist. You never hit with a wielded weapon. You were a pacifist. You did not use tools. You did not use plumbed fixtures. You did not drink any magical draughts. You were illiterate. You never genocided any monsters. You never polymorphed an object. You never changed form. You used no wishes. You never split a pudding. You never wrote Elbereth's name. You never violated your personal moral code. Dungeon overview: The Dungeons of Doom: levels 1 to 24 Level 1 a long staircase Level 2 Level 3 Level 4 Level 5 Level 6 Level 7 Level 8 Level 9 Level 10 Level 11 Level 12 Level 13 Level 14 Level 15 Level 16 Level 17 Level 18 Level 19 Level 20 Level 21 Level 22 Level 23 Level 24 <- You were here History has recorded: On T:1 you entered the Dungeons of Doom to retrieve the Amulet of Yendor! On T:4 you reached level 2 of The Dungeons of Doom. On T:7 you reached level 3 of The Dungeons of Doom. On T:9 you reached level 4 of The Dungeons of Doom. On T:11 you reached level 5 of The Dungeons of Doom. On T:13 you reached level 6 of The Dungeons of Doom. On T:17 you reached level 7 of The Dungeons of Doom. On T:19 you reached level 8 of The Dungeons of Doom. On T:22 you reached level 9 of The Dungeons of Doom. On T:24 you reached level 10 of The Dungeons of Doom. On T:26 you reached level 11 of The Dungeons of Doom. On T:28 you reached level 12 of The Dungeons of Doom. On T:31 you reached level 13 of The Dungeons of Doom. On T:33 you reached level 14 of The Dungeons of Doom. On T:35 you reached level 15 of The Dungeons of Doom. On T:37 you reached level 16 of The Dungeons of Doom. On T:44 you reached level 19 of The Dungeons of Doom. On T:46 you reached level 20 of The Dungeons of Doom. On T:49 you reached level 21 of The Dungeons of Doom. On T:52 you reached level 22 of The Dungeons of Doom. On T:57 you reached level 24 of The Dungeons of Doom. Score breakdown: Gold: 142 ( 14 points) Experience: 3 levels ( 200 points) Exploration: 24 levels ( 690 points) Discoveries: 0 items ( 0 points) Variety of kills: 1 monster ( 50 points) Major goal: (nothing yet) ( 0 points) Survival: died (score multiplied by 3) Total score: 2862 Latest messages: You make an opening in the wall. You start chewing a hole in the rock. You continue digging. You chew a hole in the wall. You start chewing a hole in the rock. You continue digging. You make an opening in the wall. You start chewing a hole in the rock. You continue digging. You make an opening in the wall. $ - 26 gold pieces. You see here 9 rocks. You start chewing a hole in the rock. You continue digging. You make an opening in the wall. You start chewing a hole in the rock. You continue digging. You make an opening in the wall. $ - 19 gold pieces. An arrow shoots out at you! You are hit by an arrow! You die... Final status: Aloha LetsOutscumLuxidream the Tourist, killed by an arrow... You died in The Dungeons of Doom on dungeon level 24 with 2862 points, and 438 pieces of gold, after 121 moves. You were level 3 with a maximum of 3 hit points when you died.